 Dungeon Crawl Stone Soup version 0.27-a0-122-g58b3cc3132 (webtiles) character file.

Game seed: 16741268088466677315

4232 PentaManta the Grappler (level 10, -3/94 HPs)
             Began as a Troll Abyssal Knight on Jan 25, 2021.
             Was a High Priest of Lugonu.
             Slain by a komodo dragon (31 damage)
             ... on level 8 of the Dungeon.
             The game lasted 00:22:59 (7255 turns).

PentaManta the Grappler (Troll Abyssal Knight)      Turns: 7255, Time: 00:23:00

Health: -3/94      AC:  9    Str: 31    XL:     10   Next: 9%
Magic:  12/12      EV: 11    Int:  8    God:    Lugonu [*****.]
Gold:   317        SH: 13    Dex: 15    Spells: 9/9 levels left

rFire    . . .     SeeInvis .     - Unarmed
rCold    . . .     Faith    .   s - +2 kite shield
rNeg     . . .     Spirit   .   T - +2 robe {Will+}
rPois    .         Reflect  .   u - +0 hat
rElec    .         Harm     .   L - +0 cloak
rCorr    .         Rampage  .   (gloves unavailable)
Will     +....                  (boots unavailable)
Stlth    +.........             (no amulet)
HPRegen  0.65/turn              m - +6 ring of dexterity
MPRegen  0.13/turn              a - +6 ring of strength

@: no status effects
A: large, unfitting armour, claws 3, regeneration 1, shaggy fur 1, tough skin 3
a: Renounce Religion, Depart the Abyss, Bend Space, Banish, Corrupt, Enter the
Abyss


You were on level 8 of the Dungeon.
You worshipped Lugonu.
Lugonu was extremely pleased with you.
You visited 2 branches of the dungeon, and saw 11 of its levels.
You visited the Abyss 1 time.

You collected 389 gold pieces.
You spent 72 gold pieces at shops.

Inventory:

Hand Weapons
 q - a +0 hunting sling
 D - a +1 giant spiked club
Missiles
 c - 388 stones
 l - 14 boomerangs
 r - 144 sling bullets
 v - 2 silver javelins
 w - 2 throwing nets
 F - 63 poisoned darts
 H - 4 javelins
 I - 55 bolts
 K - 136 arrows
Armour
 s - a +2 kite shield (worn)
 u - a +0 hat (worn)
 A - a +0 robe of resistance
 L - a +0 cloak (worn)
 T - a +2 robe of willpower (worn)
Jewellery
 a - a +6 ring of strength (right claw)
 d - an uncursed ring of resist corrosion
 m - a +6 ring of dexterity (left claw)
 o - an uncursed ring of positive energy
 x - a +6 ring of intelligence
 M - an uncursed ring of poison resistance
 S - an uncursed ring of protection from fire
Wands
 e - a wand of polymorph (18)
 n - a wand of mindburst (15)
 G - a wand of flame (45)
 N - a wand of acid (9)
Scrolls
 b - 9 scrolls of remove curse
 h - 3 scrolls of enchant armour
 i - 2 scrolls of magic mapping
 j - a scroll of immolation
 k - 3 scrolls of amnesia
 y - 6 scrolls of teleportation
 E - 3 scrolls of enchant weapon
 J - 2 scrolls of blinking
 Q - a scroll of fog {unknown}
Potions
 f - 5 potions of heal wounds
 g - 2 potions of resistance
 p - 3 potions of might
 t - 5 potions of haste
 z - a potion of attraction
 B - a potion of mutation
 C - a potion of invisibility
 O - 2 potions of lignification
 P - a potion of brilliance
 R - 2 potions of ambrosia {unknown}
 U - a potion of cancellation {unknown}


   Skills:
 + Level 4.9 Fighting
 + Level 4.6 Dodging
 + Level 5.9 Shields
 + Level 9.4 Unarmed Combat
 + Level 4.9 Invocations


You had 9 spell levels left.
You didn't know any spells.
Your spell library contained the following spells:

 Spells                   Type           Power        Failure   Level
 Foxfire                  Conj/Fire      0%           63%         1
 Conjure Flame            Conj/Fire      0%           94%         3
 Inner Flame              Hex/Fire       0%           94%         3
 Sticky Flame             Conj/Fire      0%           100%        4
 Fireball                 Conj/Fire      0%           100%        5


Dungeon Overview and Level Annotations

Branches:
Dungeon (10/15)            Temple (1/1) D:7
   Lair: D:8-11         Orc: D:9-12

Altars:
Dithmenos
Fedhas
Gozag
Hepliaklqana
Kikubaaqudgha
Makhleb
Okawaru
Qazlal
Uskayaw
Xom
Yredelemnul
Zin
The Shining One

Shops:
D:5 }?[   D:6 !


Innate Abilities, Weirdness & Mutations

You are too large for most types of armour.
You have claws for hands.
Your natural rate of healing is unusually fast.
You are covered in fur. (AC +1)
You have extremely tough skin. (AC +3)


Message History

You block the basilisk's attack. You block the komodo dragon's attack.
You barely miss the basilisk.
The basilisk is almost dead.
The basilisk gazes at you. You resist with almost no effort.
The komodo dragon bites you!!
You barely miss the basilisk.
The basilisk is almost dead.
The basilisk bites you.
You mangle the basilisk!!
You kill the basilisk!
Lugonu accepts your kill. The komodo dragon bites you.
You mangle the komodo dragon!!
The komodo dragon is heavily wounded.
The komodo dragon bites you.
* * * LOW HITPOINT WARNING * * *
You mangle the komodo dragon!!
The komodo dragon is almost dead.
The komodo dragon bites you!!
You die...

####
##########..#### #
......†.###.#..## .#
..###........##.##
..# ###
###..........#...###
#.#.##.[...@l......
######.#....†.#./..
..###....#....# ###
###.#..#.# ###.## #
##############
###...##.......#
##..............#
###
#...............#


You could see a komodo dragon.

Vanquished Creatures
  A komodo dragon (D:8)
  2 wraiths (D:8)
  2 wyverns (D:8)
  A basilisk (D:8)
  A steam dragon (D:8)
  Edmund (D:6)
  2 water moccasins
  An orc warrior (D:8)
  An ice beast (D:5)
  A sky beast (D:5)
  2 black bears
  3 necrophages (D:8)
  2 ogres
  An eye of draining (D:8)
  2 centaurs
  Blork the orc (D:4)
  4 bullfrogs
  A scorpion (D:4)
  3 wights (D:8)
  2 howler monkeys
  A bullfrog zombie (D:5)
  A centaur zombie (D:6)
  2 human zombies (D:8)
  2 hounds
  A human skeleton (D:8)
  3 orc priests (D:8)
  A centaur skeleton (D:9)
  10 orc wizards
  Natasha (thrice) (D:4)
  2 iguanas
  2 hound skeletons (D:8)
  2 mummies (D:8)
  A worker ant zombie (D:5)
  4 gnolls (D:4)
  A howler monkey skeleton (D:8)
  7 adders
  A river rat (D:5)
  3 white imps (D:6)
  3 oozes
  2 adder skeletons
  3 worms
  4 dart slugs
  The ghost of spacewizard the Sneak, a weakling FeDe (D:5)
  3 leopard geckos
  29 orcs
  3 ball pythons
  5 bats
  A giant cockroach (D:2)
  13 goblins
  9 hobgoblins
  6 jackals
  3 quokkas
  3 frilled lizards
  2 gnoll zombies (D:6)
  8 kobolds
  2 leopard gecko skeletons
  2 orc zombies (D:8)
  A quokka skeleton (D:6)
  8 rats
192 creatures vanquished.

Vanquished Creatures (others)
  A bat (D:2)
1 creature vanquished.

Grand Total: 193 creatures vanquished

Notes
Turn   | Place    | Note
-------+----------+-------------------------------------------
     0 | Abyss:1  | PentaManta the Troll Abyssal Knight began the quest for the
                  | Orb.
     0 | Abyss:1  | Reached XP level 1. HP: 22/22 MP: 1/1
    15 | D:1      | Escaped the Abyss
   112 | D:1      | Reached XP level 2. HP: 29/29 MP: 2/2
   227 | D:1      | Reached skill level 3 in Unarmed Combat
   381 | D:1      | Reached ** piety under Lugonu
  1077 | D:2      | Reached XP level 3. HP: 35/36 MP: 3/3
  1264 | D:2      | Found a shadowy altar of Dithmenos.
  1270 | D:2      | Reached skill level 4 in Unarmed Combat
  1333 | D:2      | Found an opulent altar of Gozag.
  1522 | D:2      | Found an iron altar of Okawaru.
  1524 | D:2      | Found a stormy altar of Qazlal.
  1529 | D:2      | Found a glowing golden altar of the Shining One.
  1597 | D:2      | Reached XP level 4. HP: 31/44 MP: 4/4
  1928 | D:3      | Reached skill level 1 in Shields
  1928 | D:3      | Reached XP level 5. HP: 40/50 MP: 5/5
  2250 | D:3      | Found a hazy altar of Hepliaklqana.
  2410 | D:3      | Reached *** piety under Lugonu
  2534 | D:4      | Noticed an ogre
  2540 | D:4      | Killed an ogre
  2541 | D:4      | Reached skill level 5 in Unarmed Combat
  2542 | D:4      | Noticed Blork the orc
  2544 | D:4      | Reached XP level 6. HP: 59/59 MP: 6/6
  2553 | D:4      | Killed Blork the orc
  2638 | D:4      | Noticed Natasha
  2648 | D:4      | Killed Natasha
  2662 | D:4      | Noticed Natasha
  2671 | D:4      | Killed Natasha
  2672 | D:4      | Reached skill level 6 in Unarmed Combat
  2819 | D:4      | Reached XP level 7. HP: 15/66 MP: 7/7
  2822 | D:4      | Noticed Natasha
  2842 | D:4      | Killed Natasha
  3242 | D:5      | Entered Level 5 of the Dungeon
  3315 | D:5      | Found Ydwar's Gadget Shop.
  3475 | D:5      | Found a runed translucent door.
  3478 | D:5      | Noticed spacewizard's ghost (weakling FeDe)
  3496 | D:5      | Reached skill level 7 in Unarmed Combat
  3516 | D:5      | Killed spacewizard's ghost
  3538 | D:5      | Found a runed translucent door.
  3563 | D:5      | Found Vesmauss's Magic Scroll Emporium.
  3571 | D:5      | Bought a scroll of identify for 24 gold pieces
  3571 | D:5      | Bought a scroll of identify for 24 gold pieces
  3577 | D:5      | Bought a scroll of identify for 24 gold pieces
  3762 | D:5      | Found Duytivvia's Antique Armour Shoppe.
  3915 | D:6      | Reached **** piety under Lugonu
  3947 | D:6      | Reached XP level 8. HP: 74/74 MP: 8/8
  3997 | D:6      | Found a basalt altar of Yredelemnul.
  4063 | D:6      | Noticed Edmund
  4073 | D:6      | Killed Edmund
  4074 | D:6      | Reached skill level 8 in Unarmed Combat
  4200 | D:6      | Found Bukob's Distillery.
  4278 | D:6      | Found a blossoming altar of Fedhas.
  4524 | D:6      | Found a shimmering altar of Xom.
  4964 | D:7      | Found a staircase to the Ecumenical Temple.
  5037 | D:7      | You fall into a shaft and drop 2 floors!
  5328 | D:10     | Entered Level 10 of the Dungeon
  5382 | D:9      | Noticed a cyclops
  5948 | D:7      | Found an iron altar of Okawaru.
  6130 | Temple   | Entered the Ecumenical Temple
  6331 | D:8      | Reached XP level 9. HP: 66/83 MP: 10/10
  6345 | D:8      | Reached skill level 5 in Shields
  6954 | D:8      | Reached skill level 9 in Unarmed Combat
  6958 | D:8      | Reached ***** piety under Lugonu
  6987 | D:8      | Found a basalt altar of Yredelemnul.
  7181 | D:8      | Noticed a komodo dragon
  7191 | D:8      | Killed a komodo dragon
  7233 | D:8      | Reached XP level 10. HP: 94/94 MP: 12/12
  7255 | D:8      | Slain by a komodo dragon

Illustrated notes

Levels and vault maps discovered:
D:1:      dpeg_arrival_refuge, layout_basic, chequers_serial_rivers_room_b,
          chequers_arboretum, grunt_decor_clamped, minmay_misc_feat_x,
          hangedman_decor_diamond_cutter
D:2:      kennysheep_the_goblin_king, layout_basic, old_standard_altar,
          lemuel_doored_altar, minitemple
D:3:      layout_basic, nzn_hepliaklqana_mist_gate, corner_web_ring
D:4:      layout_rooms, uniq_natasha, uniq_blork_the_orc
D:5:      layout_gridville, ebering_ghost_sewer_f, serial_shops, shop, shop,
          nicolae_shop_stone
D:6:      layout_basic, lemuel_crystal_altar, lemuel_zombie_altar_yredelemnul,
          serial_rivers, chequers_serial_rivers_micro_b,
          chequers_serial_rivers_micro_e, chequers_serial_rivers_micro_a,
          chequers_serial_rivers_micro_e, serial_shops,
          nicolae_shop_statue_plus, tgw_xom, uniq_edmund
D:7:      layout_loops_ring, minmay_temple_entry_nine_rooms,
          okawaru_metal_pillars_1_2
D:8:      layout_cave_pools, erik_lair_dragon,
          lemuel_mausoleum_altar_yredelemnul
D:9:      layout_long_grid
D:10:     layout_basic, ebering_ghost_funeral_grove
Temple:   zaba_magenta_temple

Skill      XL: |  1  2  3  4  5  6  7  8  9 |
---------------+----------------------------+-----
Unarmed Combat | 3 4 5 6 7 8 9 |  9.4
Shields        | 1 2 3 4 5 |  5.9
Dodging        | 3 4 |  4.6
Invocations    | 3 4 |  4.9
Fighting       | 3 4 |  4.9

Action                   |  1- 3 |  4- 6 |  7- 9 | 10-12 || total
-------------------------+-------+-------+-------+-------++-------
Melee: Unarmed           |   109 |   135 |   339 |    15 ||   598
       Punch             |     1 |       |       |       ||     1
Throw: Boomerang         |     2 |       |       |       ||     2
       Stone             |     1 |       |       |       ||     1
  Use: Scroll            |       |       |    19 |       ||    19
 Stab: Sleeping          |     1 |       |     2 |       ||     3
Armor: Robe              |    48 |    61 |    70 |     4 ||   183
Dodge: Dodged            |    67 |    50 |    84 |       ||   201
Block: Kite shield       |       |    81 |   173 |     7 ||   261

Table legend: (Time is in decaauts)
 A = Elapsed time spent in this place.
 B = Non-inter-level travel time spent in this place.
 C = Inter-level travel time spent in this place.
 D = Time resting spent in this place.
 E = Time spent auto-exploring this place.
 F = Levels seen in this place.
 G = Mean time per level.
                   A        B        C        D        E       F      G
               +--------+--------+--------+--------+--------+-----+--------+
         Total |   7227 |   6658 |    569 |    327 |   4712 |  12 |  602.2 |
       Dungeon |   7210 |   6641 |    569 |    327 |   4712 |  10 |  721.0 |
        Temple |      1 |      1 |      0 |      0 |      0 |   1 |    1.0 |
         Abyss |     15 |     15 |      0 |      0 |      0 |   1 |   15.0 |
               +--------+--------+--------+--------+--------+-----+--------+

Top non-repeatable levels by time:
     D:7: 1090 daAuts
     D:6: 1061 daAuts
     D:1: 1022 daAuts
     D:2: 875 daAuts
     D:8: 818 daAuts
     D:4: 708 daAuts
     D:5: 669 daAuts
     D:3: 615 daAuts
     D:9: 326 daAuts
    D:10: 23 daAuts
 Abyss:1: 15 daAuts
  Temple: 1 daAuts
